 Dungeon Crawl Stone Soup version 0.28.0 (webtiles) character file.

Game seed: 4172818148516244539

88 a3don the Digger (level 4, -2/24 HPs)
             Began as a Gargoyle Earth Elementalist on Feb 14, 2022.
             Killed from afar by Natasha (5 damage)
             ... with a magic dart
             ... on level 2 of the Dungeon.
             The game lasted 00:02:35 (2858 turns).

a3don the Digger (Gargoyle Earth Elementalist)      Turns: 2858, Time: 00:02:36

Health: -2/24      AC:  6    Str: 11    XL:     4   Next: 54%
Magic:  2/7        EV: 12    Int: 18    God:
Gold:   146        SH:  0    Dex: 10    Spells: 4/8 levels left

rFire   . . .      SeeInvis .   a - +0 club
rCold   . . .      Faith    .   (no shield)
rNeg    + . .      Spirit   .   b - +0 robe
rPois   ∞          Reflect  .   g - +0 helmet
rElec   +          Harm     .   (no cloak)
rCorr   .          Rampage  .   (no gloves)
Will    .....                   (no boots)
Stlth   ++........              (no amulet)
HPRegen 0.08/turn               (no ring)
MPRegen 0.10/turn               (no ring)

@: very slightly contaminated
A: sickness immunity, AC +3, negative energy resistance 1, electricity
resistance, torment resistance 1, petrification resistance
a: no special abilities


You were on level 2 of the Dungeon.
You visited 1 branch of the dungeon, and saw 2 of its levels.

You collected 146 gold pieces.

Inventory:

Hand Weapons
 a - a +0 club (weapon)
 m - a +0 hunting sling
Missiles
 c - 23 stones
Armour
 b - a +0 robe (worn)
 g - a +0 helmet (worn)
Jewellery
 d - an amulet of magic regeneration
Scrolls
 e - a scroll of immolation {unknown}
 h - a scroll of blinking {unknown}
 j - a scroll of amnesia {unknown}
 l - a scroll of enchant armour {unknown}
Potions
 f - a potion of invisibility
 i - a potion of berserk rage {unknown}
 k - a potion of brilliance {unknown}


   Skills:
 + Level 1.3 Maces & Flails
 + Level 2.1 Dodging
 + Level 3.0 Stealth
 + Level 2.5 Spellcasting
 + Level 1.2 Conjurations
 - Level 1.0 Transmutations
 + Level 4.1 Earth Magic


You had 4 spell levels left.
You knew the following spells:

 Your Spells              Type           Power      Damage    Failure   Level
a - Sandblast             Erth           34%        2d9       3%          1
b - Stone Arrow           Conj/Erth      22%        3d8       17%         3

Your spell library contained the following spells:

 Spells                   Type           Power      Damage    Failure   Level
 Passwall                 Tmut/Erth      9%         N/A       9%          2
 Petrify                  Tmut/Erth      11%        N/A       52%         4


Dungeon Overview and Level Annotations

Branches:
Dungeon (2/15)

Altars:

Annotations:
D:2 Natasha


Innate Abilities, Weirdness & Mutations

You are immune to sickness and miasma.
Your stone body is resilient. (AC +3)
You are immune to poison.
You resist negative energy. (rN+)
You are resistant to electric shocks. (rElec)
You are resistant to unholy torment.
You are immune to petrification.


Message History

Natasha, Servant of Life and Death comes into view.
Natasha hisses angrily.
Natasha extends her claws.
Natasha drinks a potion.
Natasha flickers and vanishes!
Deactivating autopickup; reactivate with Ctrl-A.
You hear some strange, mumbled words.
A magic dart appears from out of thin air!
The magic dart hits you.
Casting: Sandblast (safe; 3% risk of failure)
Confirm with . or Enter, or press ? or * to list all spells.
Aiming: Sandblast (safe; 3% risk of failure)
Press: ? - help, Shift-Dir - straight line The blast of sand hits something.
Something claws you.
Casting: Sandblast (safe; 3% risk of failure)
Confirm with . or Enter, or press ? or * to list all spells.
Aiming: Sandblast (safe; 3% risk of failure)
Press: ? - help, Shift-Dir - straight line Something claws you!
Casting: Sandblast (safe; 3% risk of failure)
Confirm with . or Enter, or press ? or * to list all spells.
Aiming: Sandblast (safe; 3% risk of failure)
Press: ? - help, Shift-Dir - straight line The blast of sand hits something.
Something claws you.
Casting: Sandblast (safe; 3% risk of failure)
Confirm with . or Enter, or press ? or * to list all spells.
Aiming: Sandblast (safe; 3% risk of failure)
Press: ? - help, Shift-Dir - straight line The blast of sand hits something.
Something claws you.
* * * LOW HITPOINT WARNING * * *
Casting: Sandblast (safe; 3% risk of failure)
Confirm with . or Enter, or press ? or * to list all spells.
Aiming: Sandblast (safe; 3% risk of failure)
Press: ? - help, Shift-Dir - straight line You miscast Sandblast.
You are very lightly contaminated with residual magic.
Nothing appears to happen.
Something claws you.
* * * LOW HITPOINT WARNING * * *
A magic dart appears from out of thin air!
The magic dart hits you.
You die...

#.#.# #.#.# ## #.#.# #
#.. #.#.# #.#.# #.#.#
#.#.######### #.#.#
#...........####.#.###
#####..#####..†........#
#.........@..#########.#
#.###..####.{#########.#
#.##...# #............#
#.##..## #..#########.#
#.##..# #.## #.# #.##..#
#.##########.# #.##..#
#............#
#.##..#####..######....#
#............# #.####


There were no monsters in sight!

Vanquished Creatures
  Natasha (D:2)
  2 adders (D:2)
  3 dart slugs
  6 ball pythons
  2 bats (D:1)
  6 endoplasms
  A giant cockroach (D:2)
  3 goblins
  3 hobgoblins
  2 quokkas (D:1)
  A frilled lizard (D:1)
  5 kobolds
  2 rats
37 creatures vanquished.

Notes
Turn   | Place    | Note
-------+----------+-------------------------------------------
     0 | D:1      | a3don the Gargoyle Earth Elementalist began the quest for
                  | the Orb.
     0 | D:1      | Reached XP level 1. HP: 10/10 MP: 3/3
   365 | D:1      | Reached XP level 2. HP: 15/15 MP: 5/5
   367 | D:1      | Reached skill level 1 in Transmutations
  1234 | D:1      | Reached XP level 3. HP: 19/19 MP: 6/6
  1238 | D:1      | Learned a level 3 spell: Stone Arrow
  1737 | D:1      | Found a faded altar of an unknown god.
  2324 | D:2      | Noticed Natasha
  2330 | D:2      | Killed Natasha
  2331 | D:2      | Reached skill level 1 in Maces & Flails
  2331 | D:2      | Reached skill level 4 in Earth Magic
  2331 | D:2      | Reached XP level 4. HP: 24/24 MP: 4/7
  2623 | D:2      | Reached skill level 1 in Conjurations
  2838 | D:2      | Noticed Natasha
  2858 | D:2      | Killed from afar by Natasha

Illustrated notes

Levels and vault maps discovered:
D:1:      heliophobic_arrival_dark_side_of_the_moon, layout_basic,
          shapermc_ecumenical_altar_starsandcircs
D:2:      layout_loops_ring, uniq_natasha

Skill      XL: |  1  2  3  4 |
---------------+-------------+-----
Transmutations | 1 |  1.0
Maces & Flails | 1 |  1.3
Dodging        | 2 |  2.1
Earth Magic    | 4 |  4.1
Conjurations   | 1 |  1.2
Stealth        | 3 |  3.0
Spellcasting   | |  2.5

Action                   |  1- 3 |  4- 6 || total
-------------------------+-------+-------++-------
Melee: Club              |    96 |    49 ||   145
       Unarmed           |     9 |       ||     9
       Punch             |     1 |       ||     1
 Cast: Sandblast         |     7 |     6 ||    13
 Stab: Sleeping          |     6 |       ||     6
Armor: Robe              |    34 |    22 ||    56
Dodge: Dodged            |    90 |    38 ||   128
